 Dungeon Crawl Stone Soup version 0.30-a0-639-g3916f1956a (webtiles) character file.

Game seed: 4930478533686856138

830 porpoise the Firebug (level 7, 0/37 HPs)
             Began as a Gargoyle Fire Elementalist on Jan 16, 2023.
             Was a Follower of Vehumet.
             Killed from afar by an orc wizard (8 damage)
             ... with a magic dart
             ... on level 5 of the Dungeon.
             The game lasted 00:25:56 (5413 turns).

porpoise the Firebug (Gargoyle Fire Elementalist)   Turns: 5413, Time: 00:25:57

Health: 0/37       AC:  7    Str: 11    XL:     7   Next: 97%
Magic:  6/11       EV: 11    Int: 30    God:    Vehumet [*.....]
Gold:   184        SH:  5    Dex: 10    Spells: 6/12 levels left

rFire   . . .      SeeInvis .    a - +2 flail (protect)
rCold   . . .      Faith    .    (no shield)
rNeg    + . .      Spirit   .    e - +0 robe
rPois   ∞          Reflect  +    (no helmet)
rElec   +          Harm     .    (no cloak)
rCorr   .          Rampage  .    A - +0 pair of gloves
Will    .....                    (no boots)
Stlth   +++                      m - amulet of reflection
HPRegen 0.26/turn                k - +6 ring of intelligence
MPRegen 0.12/turn                q - +6 ring of intelligence

@: no status effects
A: sickness immunity, AC +4, negative energy resistance 1, electricity
resistance, torment resistance 1, petrification resistance
a: Renounce Religion


You were on level 5 of the Dungeon.
You worshipped Vehumet.
Vehumet was aware of your devotion.
You visited 2 branches of the dungeon, and saw 6 of its levels.
You also visited: Sewer.

You collected 256 gold pieces.
You spent 72 gold pieces at shops.

Inventory:

Hand Weapons
 a - a +2 flail of protection (weapon)
 b - a +0 sling
 B - a +0 falchion of holy wrath
 C - a +2 vampiric dagger
Missiles
 s - 4 javelins
 v - 17 poisoned darts
 F - 5 boomerangs
Armour
 e - a +0 robe (worn)
 w - an orb of wrath
 A - a +0 pair of gloves (worn)
Magical Staves
 x - a staff of air
Jewellery
 k - a +6 ring of intelligence (left hand)
 m - an amulet of reflection (around neck)
 q - a +6 ring of intelligence (right hand)
Wands
 E - a wand of digging (4)
Scrolls
 f - a scroll of magic mapping
 g - 2 scrolls of immolation
 j - a scroll of fog
 l - a scroll of amnesia {unknown}
 o - a scroll of blinking
 r - a scroll of summoning {unknown}
 u - a scroll of torment {unknown}
 y - a scroll of enchant weapon {unknown}
 D - a scroll of poison {unknown}
Potions
 c - 4 potions of invisibility
 d - a potion of attraction
 h - 2 potions of mutation
 i - a potion of flight
 n - a potion of magic
 p - 2 potions of curing
 t - a potion of might
 z - 3 potions of heal wounds


   Skills:
 + Level 0.4 Fighting
 - Level 1.5 Dodging
 - Level 5.0 Stealth
 + Level 3.3 Spellcasting
 - Level 5.0 Conjurations
 + Level 6.2 Fire Magic


You had 6 spell levels left.
You knew the following spells:

 Your Spells              Type           Power      Damage    Failure   Level
a - Foxfire               Conj/Fire      100%       2x1d9     1%          1
b - Scorch                Fire           84%        2d9       1%          2
c - Kindle Blastsparks    Fire/Tloc/Air  34%        2d12      9%          3

Your spell library contained the following spells:

 Spells                   Type           Power      Damage    Failure   Level
 Shock                    Conj/Air       76%        1d7       2%          1
 Inner Flame              Hex/Fire       23%        N/A       6%          3
 Flame Wave               Conj/Fire      38%        2d10      7%          4
 Frozen Ramparts          Ice            8%         1d2       22%         3
 Ozocubu's Armour         Ice            4%         N/A       22%         3
 Ice Form                 Ice/Tmut       4%         N/A       56%         4
 Summon Ice Beast         Ice/Summ       4%         N/A       56%         4
 Ozocubu's Refrigeration  Ice            2%         4d7       100%        7


Dungeon Overview and Level Annotations

Branches:
Dungeon (5/15)             Temple (1/1) D:4           Sewer (visited)

Altars:
Ashenzari
Cheibriados
Dithmenos
Elyvilon
Hepliaklqana
Kikubaaqudgha
Makhleb
Nemelex Xobeh
Okawaru
Sif Muna
Trog
Uskayaw
Vehumet
Xom
Yredelemnul
Zin
The Shining One

Shops:
D:3 !


Innate Abilities, Weirdness & Mutations

You are immune to sickness and miasma.
Your stone body is resilient. (AC +4)
You are immune to poison.
You resist negative energy. (rN+)
You are resistant to electric shocks. (rElec)
You are resistant to unholy torment.
You are immune to petrification.


Message History

The foxfire hits the jelly.
The jelly is severely wounded.
The foxfire hits the jelly.
The jelly is almost dead.
Casting: Foxfire (safe; 1% risk of failure)
Confirm with . or Enter, or press ? or * to list all spells.
Flames lash the jelly.
You kill the jelly!
Vehumet accepts your kill.
You hear a shout!
An orc wizard comes into view. It is wielding a +0 dagger.
Training target 5.0 for Stealth reached!
Your Stealth skill increases to level 5!
Unknown command.
Casting: Scorch (safe; 1% risk of failure)
Confirm with . or Enter, or press ? or * to list all spells.
You conjure some foxfire!
The orc wizard gestures wildly while chanting.
The orc wizard flickers and vanishes!
Deactivating autopickup; reactivate with Ctrl-A.
An orc priest comes into view. It is wielding a +0 short sword.
The foxfire hits the orc priest.
The orc priest is heavily wounded.
Casting: Foxfire (safe; 1% risk of failure)
Confirm with . or Enter, or press ? or * to list all spells.
You conjure some foxfire!
The foxfire hits the orc priest!
The orc priest is almost dead.
The orc priest calls down the wrath of Beogh upon you.
Beogh smites you!
The orc priest calls down the wrath of Beogh upon you.
Beogh smites you!
* * * LOW HITPOINT WARNING * * *
The foxfire hits something.
The foxfire hits the orc priest.
You kill the orc priest!
Vehumet accepts your kill.
You can now gain magical power from killing.
Vehumet offers you knowledge of Shock.
A magic dart appears from out of thin air!
The magic dart hits you!
You die...

..##### #.#...##
########### #...?..##
#.......... #.......#
#.......... #.......#
##......<...
#.......#####>...........
#.....#......######.####
##......@# #.# ##.......###
#.# .)...{......# #.###
.#........#.....######...##
.........######............
..#.........# #####..._..#
#..#........# ##._8_..
#..#....<..########.......
##.#...................)..


There were no monsters in sight!

Vanquished Creatures
  Menkaure (D:4)
  2 kobold brigands (Sewer)
  A scorpion (D:4)
  A jelly (D:5)
  An orc priest (D:5)
  Ijyb (D:5)
  An iguana (D:5)
  10 gnolls
  16 adders
  5 river rats
  An ufetubus (D:4)
  3 worms
  A dart slug (D:4)
  8 orcs
  10 endoplasms
  A giant cockroach (D:4)
  7 goblins
  2 hobgoblins
  14 kobolds
  3 quokkas
  10 ball pythons
  3 bats
  3 frilled lizards
  26 rats
131 creatures vanquished.

Vanquished Creatures (others)
  238 foxfires
238 creatures vanquished.

Grand Total: 369 creatures vanquished

Notes
Turn   | Place    | Note
-------+----------+-------------------------------------------
     0 | D:1      | porpoise the Gargoyle Fire Elementalist began the quest for
                  | the Orb.
     0 | D:1      | Reached XP level 1. HP: 10/10 MP: 3/3
   309 | D:1      | Reached XP level 2. HP: 15/15 MP: 3/5
   331 | D:1      | Learned a level 2 spell: Scorch
   855 | D:2      | Found a faded altar of an unknown god.
   864 | D:2      | Reached XP level 3. HP: 19/19 MP: 3/6
  1210 | D:2      | Reached XP level 4. HP: 21/24 MP: 4/7
  1240 | D:2      | Reached skill level 4 in Fire Magic
  1304 | D:2      | Found a shimmering altar of Xom.
  1801 | D:3      | Reached XP level 5. HP: 28/28 MP: 1/8
  1985 | D:3      | Found a glowing drain.
  2012 | Sewer    | Entered a sewer
  2299 | Sewer    | Reached XP level 6. HP: 32/32 MP: 6/9
  2347 | Sewer    | Reached skill level 5 in Fire Magic
  2428 | Sewer    | Learned a level 3 spell: Kindle Blastsparks
  3002 | D:3      | Reached skill level 5 in Conjurations
  3151 | D:3      | Found a hide-covered altar of Uskayaw.
  3173 | D:3      | Found Fokizoti's Distillery.
  3190 | D:3      | Bought a potion of heal wounds for 60 gold pieces
  3190 | D:3      | Bought a potion of degeneration for 12 gold pieces
  3462 | D:4      | Reached XP level 7. HP: 36/36 MP: 5/10
  3538 | D:4      | Found a staircase to the Ecumenical Temple.
  3550 | Temple   | Entered the Ecumenical Temple
  3679 | Temple   | Became a worshipper of Vehumet
  4285 | D:4      | Noticed Menkaure
  4287 | D:4      | Killed Menkaure
  4463 | D:4      | Found a glowing silver altar of Zin.
  4517 | D:4      | Found a shadowy altar of Dithmenos.
  4704 | D:5      | Entered Level 5 of the Dungeon
  4705 | D:5      | Found a basalt altar of Yredelemnul.
  4706 | D:5      | Found a white marble altar of Elyvilon.
  4706 | D:5      | Found a hazy altar of Hepliaklqana.
  4909 | D:5      | Reached skill level 6 in Fire Magic
  5237 | D:5      | Noticed Ijyb
  5246 | D:5      | Killed Ijyb
  5407 | D:5      | Reached skill level 5 in Stealth
  5410 | D:5      | Reached * piety under Vehumet
  5410 | D:5      | Offered knowledge of Shock by Vehumet.
  5413 | D:5      | Killed from afar by an orc wizard

Illustrated notes

Levels and vault maps discovered:
D:1:      ncdulo_halloftheorcs, layout_basic, grunt_decor_one_mirror
D:2:      layout_basic, basic_altar, hellmonk_ecumenical_altar_run_dry
D:3:      layout_loops_cross, mainiacjoe_overflow_tiny_flanked,
          lightli_sewer_entry_pipes, serial_shops,
          nicolae_shop_temple_entry_statues_fountains
D:4:      layout_basic, lemuel_coloured_pillars_altar,
          nicolae_dithmenos_through_a_glass_darkly, minmay_temple_entry_ruins,
          uniq_menkaure
D:5:      layout_rooms, chequers_temple_overflow_statue_of_worship,
          chequers_serial_rivers_small_a, minmay_misc_feat_tiny,
          minmay_small_thing, uniq_edmund, uniq_ijyb
Temple:   jpeg_temple_clearing

Skill      XL: |  1  2  3  4  5  6  7 |
---------------+----------------------+-----
Conjurations   | 2 3 4 5 |  5.0
Fire Magic     | 4 5 6 |  6.2
Stealth        | 3 5 |  5.0
Spellcasting   | 3 |  3.3
Fighting       | |  0.4
Dodging        | |  1.5

Action                   |  1- 3 |  4- 6 |  7- 9 || total
-------------------------+-------+-------+-------++-------
Melee: Unarmed           |     2 |       |       ||     2
       Hand axe          |     7 |    34 |       ||    41
       Dagger            |       |    16 |     3 ||    19
 Fire: Sling             |       |     4 |       ||     4
 Cast: Foxfire           |    27 |    71 |    43 ||   141
       Scorch            |     1 |    13 |    12 ||    26
       Kindle Blastspark |       |       |     1 ||     1
  Use: Scroll            |       |     8 |     2 ||    10
 Stab: Sleeping          |     2 |     5 |       ||     7
Armor: Robe              |     4 |    26 |     3 ||    33
Dodge: Dodged            |     3 |    26 |     7 ||    36
Block: Other             |       |    17 |     3 ||    20

Table legend: (Time is in decaauts)
 A = Elapsed time spent in this place.
 B = Non-inter-level travel time spent in this place.
 C = Inter-level travel time spent in this place.
 D = Time resting spent in this place.
 E = Time spent auto-exploring this place.
 F = Levels seen in this place.
 G = Mean time per level.
                   A        B        C        D        E       F      G
               +--------+--------+--------+--------+--------+-----+--------+
         Total |   5466 |   5263 |    203 |   1573 |   2487 |   7 |  780.9 |
       Dungeon |   4486 |   4297 |    189 |   1150 |   2348 |   5 |  897.2 |
        Temple |    143 |    129 |     14 |      0 |    109 |   1 |  143.0 |
         Sewer |    836 |    836 |      0 |    423 |     30 |   1 |  836.0 |
               +--------+--------+--------+--------+--------+-----+--------+

Top non-repeatable levels by time:
     D:4: 1116 daAuts
     D:3: 954 daAuts
     D:2: 935 daAuts
   Sewer: 836 daAuts
     D:1: 768 daAuts
     D:5: 711 daAuts
  Temple: 143 daAuts
